 Dungeon Crawl Stone Soup version 0.31-a0-1338-gb567cfdca4 (webtiles) character file.

Game seed: 10251441867724114698

3535 Midn8 the Vexing (level 10, 0/76 HPs)
             Began as a Gnoll Hexslinger on Dec 21, 2023.
             Was an Elder of Okawaru.
             Slain by a yak (11 damage)
             ... on level 8 of the Dungeon.
             The game lasted 00:22:40 (6909 turns).

Midn8 the Vexing (Gnoll Hexslinger)                 Turns: 6909, Time: 00:22:41

Health: 0/76       AC:  5    Str:  7    XL:     10   Next: 8%
Magic:  3/18       EV: 15    Int: 17    God:    Okawaru [****..]
Gold:   382        SH:  0    Dex: 15    Spells: 7/20 levels left

rFire   + . .        e - +0 orcbow
rCold   . . .        (shield currently unavailable)
rNeg    . . .        c - +0 robe
rPois   .            (no helmet)
rElec   .            i - +0 cloak
rCorr   .            (no gloves)
SInv    +            d - +1 pair of boots
Will    .....        (no amulet)
Stlth   +++          v - ring of protection from fire
HPRegen 0.32/turn    l - ring of see invisible
MPRegen 0.16/turn

%: no passive effects
@: weak-willed, jinxed, very slightly contaminated
A: fangs 1, strong nose, distributed training
a: Renounce Religion, Heroism, Finesse


You were on level 8 of the Dungeon.
You worshipped Okawaru.
Okawaru was greatly pleased with you.
You visited 2 branches of the dungeon, and saw 9 of its levels.

You collected 382 gold pieces.

Inventory:

Hand Weapons
 a - a +1 sling
 e - a +0 orcbow (weapon)
 j - a +1 falchion of holy wrath
 m - a +2 dagger of chaos
 r - a +1 hand axe of flaming
 s - the +2 whip "Ruluf" {heavy, rC- Str+5}
   (You found it on level 6 of the Dungeon)

   Str+5:     It affects your strength (+5).
   rC-:       It makes you vulnerable to cold.
Missiles
 g - a throwing net
 n - 6 poisoned darts
Armour
 c - a +0 robe (worn)
 d - a +1 pair of boots (worn)
 i - a +0 cloak (worn)
 t - the +0 ring mail "Axkucal" {rPois Dex+2}
   (You found it on level 5 of the Dungeon)

   Dex+2:     It affects your dexterity (+2).
   rPois:     It protects you from poison
Jewellery
 l - a ring of see invisible (right hand)
 p - a +6 ring of strength
 v - a ring of protection from fire (left hand)
Wands
 k - a wand of paralysis (9)
Scrolls
 h - 3 scrolls of immolation
 w - a scroll of amnesia {unknown}
 x - a scroll of fog {unknown}
Potions
 b - 2 potions of degeneration {unknown}
 f - 2 potions of enlightenment
 o - a potion of resistance
 q - a potion of attraction
 u - a potion of magic {unknown}
 z - a potion of heal wounds


   Skills:
 + Level 5.8 Fighting
 + Level 5.1 Short Blades
 + Level 5.1 Long Blades
 + Level 5.1 Axes
 + Level 5.1 Maces & Flails
 + Level 5.1 Polearms
 + Level 5.1 Staves
 + Level 6.9 Ranged Weapons
 + Level 5.1 Throwing
 + Level 5.1 Armour
 + Level 6.9 Dodging
 + Level 5.1 Stealth
 + Level 5.1 Shields
 + Level 5.1 Unarmed Combat
 + Level 5.9 Spellcasting
 + Level 4.2 Conjurations
 + Level 7.0 Hexes
 + Level 4.2 Summonings
 + Level 4.2 Necromancy
 + Level 4.2 Translocations
 + Level 4.8 Fire Magic
 + Level 4.2 Ice Magic
 + Level 4.2 Air Magic
 + Level 4.2 Earth Magic
 + Level 4.2 Alchemy
 + Level 5.6 Invocations
 + Level 5.1 Evocations
 + Level 4.6 Shapeshifting


You had 7 spell levels left.
You knew the following spells:

 Your Spells              Type           Power      Damage    Failure   Level
a - Jinxbite              Hex            56%        N/A       1%          2
e - Inner Flame           Hex/Fire       25%        N/A       3%          3
f - Cause Fear            Hex            14%        N/A       7%          4
g - Sigil of Binding      Hex            28%        N/A       2%          3
s - Slow                  Hex            100%       N/A       1%          1

Your spell library contained the following spells:

 Spells                   Type           Power      Damage    Failure   Level
 Ensorcelled Hibernation  Hex/Ice        48%        N/A       1%          2
 Sandblast                Erth           38%        2d10      2%          1
 Confusing Touch          Hex            28%        N/A       2%          3
 Passwall                 Alch/Erth      15%        N/A       3%          2
 Dazzling Flash           Conj/Hex       48%        N/A       3%          3
 Volatile Blastmotes      Fire/Tloc      40%        2d13      6%          3
 Stone Arrow              Conj/Erth      38%        3d9       7%          3
 Swiftness                Air            19%        N/A       7%          3
 Vampiric Draining        Necr           19%        2d7       7%          3
 Dimensional Bullseye     Hex/Tloc       12%        N/A       13%         4
 Brom's Barrelling Bould  Conj/Erth      19%        2d4       22%         4
 Irradiate                Conj/Alch      9%         3d14      54%         5
 Starburst                Conj/Fire      10%        6d5       97%         6
 Ignition                 Fire           10%        3d5       100%        8
 Maxwell's Capacitive Co  Air            9%         ∞         100%        8


Dungeon Overview and Level Annotations

Branches:
Dungeon (8/15)             Temple (1/1) D:4            Lair (0/5) D:8

Altars:
Ashenzari
Cheibriados
Elyvilon
Fedhas
Gozag
Hepliaklqana
Kikubaaqudgha
Makhleb
Nemelex Xobeh
Okawaru
Ru
Trog
Uskayaw
Vehumet
Wu Jian
Xom
Yredelemnul
Zin
The Shining One

Annotations:
D:5 Dowan, Duvessa
D:8 Psyche


Innate Abilities, Weirdness & Mutations

You have very sharp teeth.
Your uncanny sense of smell can sniff out nearby items.
Your experience applies equally to all skills.


Message History

Aim: a yak (heavily wounded, chance to call a sprite on attack: 59%, 69% to hit)
You shoot an arrow. The arrow hits the yak!
The yak is severely wounded.
The yak gores you!
* * * LOW HITPOINT WARNING * * *
The yak gores you!
* * * LOW HITPOINT WARNING * * *
Unknown command.
Unknown command.
Fire: e) +0 orcbow
Press: ? - help, Q - select action, (/) - cycle Shift-Dir - straight line, f/p - yak
Aim: a yak (severely wounded, chance to call a sprite on attack: 59%, 69% to hit)
You shoot an arrow. The arrow hits the yak.
The yak is severely wounded.
A giggling sprite leaps out and smacks the yak with its own front hoof.
The yak is almost dead.
The yak seems less drained.
The yak barely misses you.
Unknown command.
Casting: Jinxbite (safe; 1% risk of failure)
Confirm with . or Enter, or press ? or * to list all spells.
Aiming: Inner Flame (dangerous; 3% risk of failure)
Press: ? - help, Dir - move target, f/p - yak
Aim: a yak (almost dead, lightly drained, chance to call a sprite on attack: 64%, chance to affect: 84%)
The yak is filled with an inner flame.
The yak seems less drained. x2
The yak gores you but does no damage.
Casting: Inner Flame (dangerous; 3% risk of failure)
Confirm with . or Enter, or press ? or * to list all spells.
Casting: Cause Fear (dangerous; 7% risk of failure)
Press: ? - help, Dir - look around, f - activate The yak easily resists.
The yak looks frightened! x2
The yak closely misses you.
Unknown command.
Casting: Cause Fear (dangerous; 7% risk of failure)
Confirm with . or Enter, or press ? or * to list all spells.
Casting: Cause Fear (dangerous; 7% risk of failure)
Press: ? - help, Dir - look around, f - activate You miscast Cause Fear.
You are very lightly contaminated with residual magic.
Nothing appears to happen.
The yak gores you!
You die...

#.##.#######...###.#
#.........##.......#
##.#>######.####.##.###.###
#.........Y.# #.# #@...
#.######.#.## #.###.###
###.#Y# #.###...## #...#.#
#.# ##@## #.###Y# #.#
#.##### #.# #@#
##.####.<....
#.####.###.####.....(..#.##
#........................#
#.####.###.####....##.####
#..........#.....#.##.#####
######<##...)###...##......
#.......# #.##########
####.##.###..## #..
#.##.......######.#


You could see 3 yaks.

Vanquished Creatures
  A two-headed ogre (D:6)
  Prince Ribbit (D:8)
  A hornet (D:8)
  3 yaks (D:8)
  A water moccasin (D:6)
  3 orc warriors
  An ice beast (D:6)
  2 sky beasts (D:6)
  2 ogres
  A centaur (D:6)
  2 bullfrogs (D:7)
  A gnoll sergeant (D:6)
  3 scorpions
  3 wights (D:7)
  3 crimson imps (D:6)
  2 orc priests
  3 hounds
  A gnoll bouda (D:8)
  2 sleepcaps
  3 iguanas
  An orc wizard (D:7)
  10 gnolls
  10 adders
  A shadow imp (D:6)
  2 ufetubi (D:6)
  4 worms
  3 dart slugs
  13 orcs
  7 ball pythons
  6 endoplasms
  2 goblins
  5 hobgoblins (D:3)
  8 jackals
  4 kobolds
  A quokka (D:3)
  3 bats
  4 frilled lizards
  11 rats
134 creatures vanquished.

Vanquished Creatures (others)
  An orc (D:8)
1 creature vanquished.

Grand Total: 135 creatures vanquished

Notes
Turn   | Place    | Note
-------+----------+-------------------------------------------
     0 | D:1      | Midn8 the Gnoll Hexslinger began the quest for the Orb.
     0 | D:1      | Reached XP level 1. HP: 17/17 MP: 4/4
   390 | D:1      | Found a faded altar of an unknown god.
   410 | D:1      | Reached XP level 2. HP: 18/23 MP: 5/5
   698 | D:2      | Learned a level 2 spell: Jinxbite
   889 | D:2      | Reached XP level 3. HP: 28/28 MP: 7/7
   926 | D:2      | Found a shimmering altar of Xom.
  1033 | D:2      | Reached skill level 1 in Invocations
  1171 | D:2      | Reached skill level 1 in Short Blades
  1171 | D:2      | Reached skill level 1 in Long Blades
  1171 | D:2      | Reached skill level 1 in Axes
  1171 | D:2      | Reached skill level 1 in Maces & Flails
  1171 | D:2      | Reached skill level 1 in Polearms
  1171 | D:2      | Reached skill level 1 in Staves
  1171 | D:2      | Reached skill level 1 in Throwing
  1171 | D:2      | Reached skill level 1 in Armour
  1171 | D:2      | Reached skill level 1 in Stealth
  1171 | D:2      | Reached skill level 1 in Shields
  1171 | D:2      | Reached skill level 1 in Unarmed Combat
  1171 | D:2      | Reached skill level 1 in Evocations
  1200 | D:3      | Reached skill level 1 in Shapeshifting
  1200 | D:3      | Reached XP level 4. HP: 34/34 MP: 4/8
  1272 | D:3      | Found an ancient bone altar of Kikubaaqudgha.
  1496 | D:3      | Reached skill level 1 in Conjurations
  1496 | D:3      | Reached skill level 1 in Summonings
  1496 | D:3      | Reached skill level 1 in Necromancy
  1496 | D:3      | Reached skill level 1 in Translocations
  1496 | D:3      | Reached skill level 1 in Ice Magic
  1496 | D:3      | Reached skill level 1 in Air Magic
  1496 | D:3      | Reached skill level 1 in Earth Magic
  1496 | D:3      | Reached skill level 1 in Alchemy
  2054 | D:3      | Found an ornate altar of the Wu Jian Council.
  2169 | D:4      | Reached XP level 5. HP: 35/40 MP: 7/9
  2360 | D:4      | Found a staircase to the Ecumenical Temple.
  2370 | Temple   | Entered the Ecumenical Temple
  2382 | Temple   | Became a worshipper of Warmaster Okawaru
  2408 | D:4      | Noticed a moth of wrath
  3294 | D:4      | Found a bloodstained altar of Trog.
  3394 | D:5      | Entered Level 5 of the Dungeon
  3473 | D:5      | Found a radiant altar of Vehumet.
  3566 | D:5      | Identified the +0 ring mail "Axkucal" {rPois Dex+2}
  3581 | D:5      | Reached XP level 6. HP: 47/47 MP: 7/11
  3609 | D:5      | Reached skill level 5 in Ranged Weapons
  3609 | D:5      | Reached skill level 5 in Dodging
  3770 | D:5      | Noticed Dowan
  3773 | D:5      | Noticed Duvessa
  3786 | D:5      | Found a sand-covered staircase.
  4126 | D:6      | Found a sacrificial altar of Ru.
  4158 | D:6      | Noticed a sky beast
  4166 | D:6      | Killed a sky beast
  4166 | D:6      | Reached * piety under Okawaru
  4167 | D:6      | Reached XP level 7. HP: 52/52 MP: 8/12
  4193 | D:6      | Noticed a two-headed ogre
  4197 | D:6      | Learned a level 1 spell: Slow
  4202 | D:6      | Learned a level 3 spell: Sigil of Binding
  4553 | D:6      | Reached skill level 6 in Hexes
  4558 | D:6      | Identified the +2 whip "Ruluf" {heavy, rC- Str+5}
  4607 | D:6      | Found a snail-covered altar of Cheibriados.
  4642 | D:6      | Reached XP level 8. HP: 23/60 MP: 11/14
  4649 | D:6      | HP: 1/60 [gnoll/+0 spear[a gnoll sergeant] (7)]
  4654 | D:6      | HP: 2/60 [gnoll/+0 spear[a gnoll sergeant] (7)]
  4656 | D:6      | Reached ** piety under Okawaru
  4931 | D:6      | Killed a two-headed ogre
  4931 | D:6      | Reached *** piety under Okawaru
  5034 | D:6      | Reached XP level 9. HP: 46/67 MP: 13/16
  5121 | D:6      | Found a blossoming altar of Fedhas.
  5201 | D:6      | Reached skill level 5 in Spellcasting
  5375 | D:6      | Found a shimmering altar of Xom.
  5505 | D:7      | Reached skill level 5 in Fighting
  5520 | D:7      | Learned a level 4 spell: Cause Fear
  5832 | D:7      | Found a sparkling altar of Nemelex Xobeh.
  6028 | D:7      | Reached **** piety under Okawaru
  6178 | D:7      | Found a burning altar of Makhleb.
  6294 | D:8      | Noticed Prince Ribbit
  6302 | D:8      | Killed Prince Ribbit
  6303 | D:8      | Reached skill level 5 in Invocations
  6365 | D:8      | Learned a level 3 spell: Inner Flame
  6385 | D:8      | Noticed a hornet
  6406 | D:8      | Killed a hornet
  6555 | D:8      | Noticed Psyche
  6862 | D:8      | Found a staircase to the Lair.
  6885 | D:8      | Reached skill level 5 in Short Blades
  6885 | D:8      | Reached skill level 5 in Long Blades
  6885 | D:8      | Reached skill level 5 in Axes
  6885 | D:8      | Reached skill level 5 in Maces & Flails
  6885 | D:8      | Reached skill level 5 in Polearms
  6885 | D:8      | Reached skill level 5 in Staves
  6885 | D:8      | Reached skill level 5 in Throwing
  6885 | D:8      | Reached skill level 5 in Armour
  6885 | D:8      | Reached skill level 5 in Stealth
  6885 | D:8      | Reached skill level 5 in Shields
  6885 | D:8      | Reached skill level 5 in Unarmed Combat
  6885 | D:8      | Reached skill level 5 in Evocations
  6885 | D:8      | Reached XP level 10. HP: 74/76 MP: 15/18
  6897 | D:8      | Reached skill level 7 in Hexes
  6909 | D:8      | Slain by a yak

Illustrated notes

Levels and vault maps discovered:
D:1:      dpeg_arrival_connections, layout_basic, ebering_ecumenical_altar_box
D:2:      layout_rooms, basic_altar, minmay_misc_feat_room
D:3:      minmay_angry_zag, layout_rooms, nicolae_kikubaaqudgha_miasma_corner,
          nicolae_overflow_hidden_temple, chequers_serial_rivers_micro_d,
          dk_noncrumbling_3, eino_tiny_chamber, kennysheep_decorative_pillar
D:4:      layout_loops_corners, tgw_trog, temple_statues
D:5:      layout_cave_pools, mainiacjoe_overflow_six_doors_small,
          nicolae_ossuary_entry_plus, uniq_duvessa
D:6:      layout_basic, fedhas_altar_2, led_xom_imps, kennysheep_slug_shrine,
          kennysheep_mini
D:7:      layout_cave_pools, nemelex_diamond_rough_becter,
          mainiacjoe_overflow_surrounded_room, hex_tiny
D:8:      layout_loops_ring, mainiacjoe_overflow_cross_hatched,
          lair_entry_dummy, hangedman_abyss_or_decor_passed, uniq_psyche,
          uniq_jeremiah, uniq_prince_ribbit1
Temple:   hellmonk_temple_rainy

Skill      XL: |  1  2  3  4  5  6  7  8  9 10 |
---------------+-------------------------------+-----
Fire Magic     | 2 3 4 |  4.8
Invocations    | 1 2 3 4 5 |  5.6
Short Blades   | 1 2 3 4 5 |  5.1
Long Blades    | 1 2 3 4 5 |  5.1
Axes           | 1 2 3 4 5 |  5.1
Maces & Flails | 1 2 3 4 5 |  5.1
Polearms       | 1 2 3 4 5 |  5.1
Staves         | 1 2 3 4 5 |  5.1
Throwing       | 1 2 3 4 5 |  5.1
Armour         | 1 2 3 4 5 |  5.1
Stealth        | 1 2 3 4 5 |  5.1
Shields        | 1 2 3 4 5 |  5.1
Unarmed Combat | 1 2 3 4 5 |  5.1
Evocations     | 1 2 3 4 5 |  5.1
Spellcasting   | 3 4 5 |  5.9
Shapeshifting  | 1 2 3 4 |  4.6
Conjurations   | 1 2 3 4 |  4.2
Summonings     | 1 2 3 4 |  4.2
Necromancy     | 1 2 3 4 |  4.2
Translocations | 1 2 3 4 |  4.2
Ice Magic      | 1 2 3 4 |  4.2
Air Magic      | 1 2 3 4 |  4.2
Earth Magic    | 1 2 3 4 |  4.2
Alchemy        | 1 2 3 4 |  4.2
Fighting       | 3 4 5 |  5.8
Ranged Weapons | 5 6 |  6.9
Dodging        | 5 6 |  6.9
Hexes          | 6 7 |  7.0

Action                     |  1- 3 |  4- 6 |  7- 9 | 10-12 || total
---------------------------+-------+-------+-------+-------++-------
   Fire: Sling             |    82 |   185 |    34 |       ||   301
         Orcbow            |       |       |   239 |    19 ||   258
   Cast: Jinxbite          |     3 |    19 |    29 |     3 ||    54
         Sigil of Binding  |       |       |     5 |       ||     5
         Slow              |       |       |     1 |       ||     1
         Cause Fear        |       |       |     3 |     1 ||     4
         Inner Flame       |       |       |     2 |     1 ||     3
 Invoke: Heroism           |       |       |     1 |       ||     1
    Use: Scroll            |       |    11 |       |       ||    11
         Potion            |       |     2 |     1 |       ||     3
 Armour: Robe              |    12 |    61 |    98 |    12 ||   183
  Dodge: Dodged            |    12 |    55 |   165 |    10 ||   242

Table legend: (Time is in decaauts)
 A = Elapsed time spent in this place.
 B = Non-inter-level travel time spent in this place.
 C = Inter-level travel time spent in this place.
 D = Time resting spent in this place.
 E = Time spent auto-exploring this place.
 F = Levels seen in this place.
 G = Mean time per level.
                   A        B        C        D        E       F      G
               +--------+--------+--------+--------+--------+-----+--------+
         Total |   7006 |   6697 |    309 |   1900 |   3308 |   9 |  778.4 |
       Dungeon |   6981 |   6683 |    298 |   1900 |   3308 |   8 |  872.6 |
        Temple |     24 |     13 |     11 |      0 |      0 |   1 |   24.0 |
               +--------+--------+--------+--------+--------+-----+--------+

Top non-repeatable levels by time:
     D:6: 1432 daAuts
     D:4: 1292 daAuts
     D:7: 941 daAuts
     D:3: 921 daAuts
     D:5: 850 daAuts
     D:1: 698 daAuts
     D:2: 489 daAuts
     D:8: 355 daAuts
  Temple: 24 daAuts
